 Dungeon Crawl Stone Soup version 0.32-a0-35-gd9ff480968 (webtiles) character file.

Game seed: 8406901877010807570

263 SmokeWeed the Ruffian (level 5, -7/41 HPs)
             Began as a Draconian Shapeshifter on Jan 15, 2024.
             Was an Initiate of Gozag.
             Mangled by a +6 flail "Luiphixt" {spect, *Slow rPois Int+3 Dex+3} (16 damage)
             ... created by an orc priest
             ... on level 4 of the Dungeon on Jan 23, 2024.
             The game lasted 00:12:01 (2786 turns).

SmokeWeed the Ruffian (Draconian Shapeshifter)      Turns: 2786, Time: 00:12:02

Health: -7/41      AC:  5    Str: 24    XL:     5   Next: 97%
Magic:  5/6        EV: 12    Int: 11    God:    Gozag
Gold:   77         SH:  0    Dex: 12    Spells: 4/6 levels left

rFire   . . .        h - +8 dagger "Hell-Harrower" {venom, Str+2}
rCold   + . .        (no shield)
rNeg    . . .        (body armour unavailable)
rPois   .            (helmet currently unavailable)
rElec   .            (cloak currently unavailable)
rCorr   .            (gloves currently unavailable)
SInv    .            (boots currently unavailable)
Will    .....        (no amulet)
Stlth   ++           f - +6 ring of strength
HPRegen 0.26/turn    d - ring of protection from cold
MPRegen 0.10/turn

%: no passive effects
@: beast-form, gold aura
A: beast (slay +2), AC +5, unfitting armour, cold-blooded
a: Begin Untransformation, Renounce Religion, Potion Petition, Call Merchant,
Bribe Branch


You were on level 4 of the Dungeon.
You worshipped Gozag.
Gozag was noncommittal.
You were a hulking beast.
You visited 2 branches of the dungeon, and saw 5 of its levels.

You collected 137 gold pieces.
You paid 60 gold pieces to Gozag.

Inventory:

Hand Weapons
 h - the +8 dagger "Hell-Harrower" (weapon) {venom, Str+2}
   (You found it on level 2 of the Dungeon)

   Str+2:     It affects your strength (+2).
 k - a +0 short sword
 l - a +0 mace
 w - a +0 flail of draining
Missiles
 m - 4 curare-tipped darts (quivered)
Armour
 q - a +0 pair of boots
Jewellery
 d - a ring of protection from cold (right hand)
 f - a +6 ring of strength (left hand)
Talismans
 b - a beast talisman (active)
 c - a flux talisman
 v - a serpent talisman
Scrolls
 g - 2 scrolls of vulnerability
 j - a scroll of enchant armour {unknown}
 n - 2 scrolls of fog {unknown}
 o - a scroll of fear
 p - a scroll of teleportation
 r - 3 scrolls of silence {unknown}
 s - a scroll of noise {unknown}
 u - 2 scrolls of revelation {unknown}
 y - 2 scrolls of identify {unknown}
Potions
 a - 3 potions of lignification
 e - a potion of berserk rage {unknown}
 i - 6 potions of degeneration {unknown}
 t - a potion of heal wounds {unknown}
 x - a potion of curing {unknown}


   Skills:
 + Level 1.9 Fighting
 + Level 1.8 Short Blades
 + Level 0.4 Maces & Flails
 + Level 2.5 Dodging
 + Level 1.0 Stealth
 + Level 4.0 Unarmed Combat
 * Level 1.0 Spellcasting
 * Level 1.0 Air Magic
 * Level 0.8 Alchemy
 + Level 4.0 Shapeshifting


You had 4 spell levels left.
You knew the following spells:

 Your Spells              Type           Power      Damage    Failure   Level
a - Mercury Vapours       Alch/Air       4%         N/A       32%         2

Your spell library contained the following spells:

 Spells                   Type           Power      Damage    Failure   Level
 Foxfire                  Conj/Fire      0%         2x1d4     32%         1
 Mephitic Cloud           Conj/Alch/Air  1%         N/A       58%         3
 Freezing Cloud           Conj/Ice/Air   0%         6-21      100%        5
 Plasma Beam              Fire/Air       0%         2x1d10    100%        6
 Starburst                Conj/Fire      0%         6d3       100%        6


Dungeon Overview and Level Annotations

Branches:
Dungeon (4/15)             Temple (1/1) D:4

Altars:
Ashenzari
Dithmenos
Elyvilon
Gozag
Hepliaklqana
Kikubaaqudgha
Makhleb
Nemelex Xobeh
Qazlal
Ru
Sif Muna
Wu Jian
Xom
Yredelemnul
Zin


Innate Abilities, Weirdness & Mutations

You are a hulking beast.
Your limbs bulge with bestial killing power. (Slay +2)
Your plain brown scales are hard. (AC +5)
You cannot fit into any form of body armour.
You are cold-blooded and may be slowed by cold attacks.


Message History

A quokka comes into view.
You hit the phantom.
The phantom is almost destroyed.
The phantom hits you.
The kobold is distracted by your dazzling golden aura.
You barely miss the phantom.
The kobold shouts!
Your tail-slap misses the phantom.
The phantom is almost destroyed.
The orc is no longer distracted by gold.
The goblin is distracted by your dazzling golden aura.
The orc hits you with a +0 club.
A goblin comes into view. It is wielding a +0 club.
The phantom is distracted by your dazzling golden aura.
You miss the phantom.
The phantom is no longer distracted by gold.
The phantom is almost destroyed.
The kobold is no longer distracted by gold.
The orc misses you. The phantom completely misses you.
The goblin shouts!
You puncture the phantom!
You destroy the phantom!
An orc comes into view.
It is wielding a +0 whip and carrying a wand of mindburst.
The orc hits you with a +0 club. The orc closely misses you.
Your Stealth skill increases to level 1!
Your Spellcasting skill increases to level 1!
Your Air Magic skill increases to level 1!
Unknown command.
Unknown command.
The goblin is no longer distracted by gold.
The orc priest invokes the aid of Beogh against you.
Beogh smites you!
* * * LOW HITPOINT WARNING * * *
The orc attacks as it pursues you! The orc hits you with a +0 club.
* * * LOW HITPOINT WARNING * * *
The orc priest hits you with the +6 flail "Luiphixt" {spect, *Slow rPois Int+3 Dex+3}.
* * * LOW HITPOINT WARNING * * *
The +6 flail "Luiphixt" {spect, *Slow rPois Int+3 Dex+3} hits you!
You die...
Your body crumbles into a pile of gold.

.. #.# .. # #.#
... ## #.# ....
.. #.# ..#.##.
#.# ..... #.#
... #.#
#.#.#### #.#
#...h(.## #.#
......g#ooK#
#.#
##.##..roo.##
#.# #o###$..#
#.# ?..
#g#.###.# ..#.
#o..$...#
.##.....#######
.. ?..#.#.
..... .


You could see a +6 flail "Luiphixt" {spect, *Slow rPois Int+3 Dex+3}
(wandering), an orc priest, an orc wizard, 4 orcs, 2 goblins and a kobold.

Vanquished Creatures
  A phantom (D:4)
  An iguana (D:3)
  2 orc wizards (D:3)
  5 adders
  3 adder zombies (D:3)
  A ribbon worm (D:2)
  A dart slug (D:3)
  6 orcs (D:3)
  4 endoplasms
  A giant cockroach (D:3)
  A hobgoblin (D:3)
  4 jackals (D:3)
  2 quokkas
  3 ball pythons
  5 bats
  3 frilled lizards
  5 goblins
  3 kobolds
  4 rats
55 creatures vanquished.

Notes
Turn   | Place    | Note
-------+----------+-------------------------------------------
     0 | D:1      | SmokeWeed the Draconian Shapeshifter began the quest for
                  | the Orb.
     0 | D:1      | Reached XP level 1. HP: 16/16 MP: 1/1
     0 | D:1      | Upgraded the game from 0.32-a0-17-gb74e046682 to
                  | 0.32-a0-35-gd9ff480968
   666 | D:2      | Found a basalt altar of Yredelemnul.
   757 | D:2      | Reached XP level 2. HP: 20/23 MP: 2/2
   920 | D:2      | Identified the +8 dagger "Hell-Harrower" {venom, Str+2}
  1043 | D:2      | Reached XP level 3. HP: 26/28 MP: 3/3
  1583 | D:3      | Reached XP level 4. HP: 35/35 MP: 4/4
  1591 | D:3      | Reached skill level 1 in Short Blades
  1597 | D:3      | Learned a level 2 spell: Mercury Vapours
  1654 | D:3      | Found a basalt altar of Yredelemnul.
  1862 | D:3      | Reached XP level 5. HP: 40/40 MP: 5/5
  1882 | D:3      | Found a faded altar of an unknown god.
  1882 | D:3      | Noticed a hellion
  2509 | D:4      | Found a staircase to the Ecumenical Temple.
  2529 | Temple   | Entered the Ecumenical Temple
  2665 | Temple   | Became a worshipper of Gozag Ym Sagoz the Greedy
  2768 | D:4      | Noticed a phantom
  2779 | D:4      | Identified the +6 flail "Luiphixt" {spect, *Slow rPois
                  | Int+3 Dex+3}
  2784 | D:4      | Killed a phantom
  2785 | D:4      | Reached skill level 1 in Stealth
  2785 | D:4      | Reached skill level 1 in Spellcasting
  2785 | D:4      | Reached skill level 1 in Air Magic
  2786 | D:4      | Mangled by a +6 flail "Luiphixt" {spect, *Slow rPois Int+3
                  | Dex+3}

Illustrated notes

Levels and vault maps discovered:
D:1:      nagdon_arrival_double_spiral, layout_basic
D:2:      layout_basic, basic_altar
D:3:      layout_basic, nicolae_yredelemnul_corpse_copse,
          dreamdust_ecumenical_altar_sealed_demon
D:4:      layout_basic, minmay_temple_entry_junction_2, minmay_fractal_squares_5
Temple:   dpeg_chambers_temple

Skill      XL: |  1  2  3  4  5 |
---------------+----------------+-----
Dodging        | 2 |  2.5
Short Blades   | 1 |  1.8
Unarmed Combat | 4 |  4.0
Shapeshifting  | 4 |  4.0
Stealth        | 1 |  1.0
Spellcasting   | 1 |  1.0
Air Magic      | 1 |  1.0
Fighting       | |  1.9
Maces & Flails | |  0.4
Alchemy        | |  0.8

Action                     |  1- 3 |  4- 6 || total
---------------------------+-------+-------++-------
  Melee: Unarmed           |    19 |       ||    19
         Mace              |    12 |       ||    12
         Tailslap          |     5 |     5 ||    10
         Dagger            |    30 |    63 ||    93
         Punch             |     1 |       ||     1
Ability: Begin Untransform |     1 |       ||     1
    Use: Scroll            |     4 |       ||     4
   Stab: Sleeping          |     1 |     2 ||     3
 Armour: Skin              |    28 |    43 ||    71
  Dodge: Dodged            |    36 |    39 ||    75
   Form: Beast             |     1 |     2 ||     3
         Serpent           |       |     2 ||     2
         Flux              |       |     1 ||     1

Table legend: (Time is in decaauts)
 A = Elapsed time spent in this place.
 B = Non-inter-level travel time spent in this place.
 C = Inter-level travel time spent in this place.
 D = Time resting spent in this place.
 E = Time spent auto-exploring this place.
 F = Levels seen in this place.
 G = Mean time per level.
                   A        B        C        D        E       F      G
               +--------+--------+--------+--------+--------+-----+--------+
         Total |   2818 |   2818 |      0 |      0 |   2024 |   5 |  563.6 |
       Dungeon |   2673 |   2673 |      0 |      0 |   2024 |   4 |  668.2 |
        Temple |    144 |    144 |      0 |      0 |      0 |   1 |  144.0 |
               +--------+--------+--------+--------+--------+-----+--------+

Top non-repeatable levels by time:
     D:2: 920 daAuts
     D:3: 770 daAuts
     D:1: 693 daAuts
     D:4: 289 daAuts
  Temple: 144 daAuts
